 Dungeon Crawl Stone Soup version 0.14-a0-2443-g5aee772 (webtiles) character file.

585 Malachi the Chopper (level 6, 0/33 HPs)
             Began as a Vine Stalker Berserker on Feb 6, 2014.
             Was a Follower of Jiyva.
             Succumbed to Sigmund's poison
             ... on Level 5 of the Dungeon.
             The game lasted 00:07:11 (2621 turns).

Malachi the Chopper (Vine Stalker Berserker)        Turns: 2621, Time: 00:07:11

HP   0/33        AC 10     Str 20 (21) XL: 6   Next: 78%
MP   2/8         EV  7     Int  7      God: Jiyva [*.....]
Gold 198         SH  0     Dex 14      Spells:  0 memorised,  5 levels left

rFire  + . .     SeeInvis .     a - +0 hand axe
rCold  + . .     Clarity  .     D - +0 chain mail
rNeg   . . .     Conserve .     (no shield)
rPois  +         rCorr    .     f - +0 helmet
rElec  +         rRot     +     (no cloak)
SustAb . .       Spirit   +     (no gloves)
rMut   .         Warding  .     i - +0 pair of elf boots
Saprov . . .     Stasis   .     (no amulet)
MR     .....                    (no ring)
                                (no ring)

@: quite poisoned, very slightly contaminated, not resistant to hostile
enchantments, extremely unstealthy
A: fangs 2, regeneration 2, magic shield, antimagic bite, no device heal
a: Request Jelly, Renounce Religion


You were on level 5 of the Dungeon.
You worshipped Jiyva.
Jiyva was aware of your devotion.
You were very hungry.

You visited 1 branch of the dungeon, and saw 5 of its levels.

You collected 198 gold pieces.

Inventory:

Hand weapons
 a - a +0,+0 hand axe (weapon)
Missiles
 l - 4 javelins (quivered)
 y - 5 silver tomahawks
Armour
 b - a +0 animal skin
 f - a +0 helmet (worn)
 g - a +1 hat
 i - a +0 pair of elven boots (worn)
 D - a +0 chain mail (worn)
Magical devices
 H - a wand of confusion (15) {unknown}
Comestibles
 c - 3 bread rations
 k - 2 meat rations
 r - 2 pears
Scrolls
 j - 3 scrolls of identify
 m - a scroll of random uselessness {unknown}
 o - a scroll of curse armour {unknown}
 p - a scroll of enchant armour {unknown}
 q - 3 scrolls of teleportation {unknown}
 u - a scroll of magic mapping {unknown}
 v - a scroll of immolation {unknown}
 A - a scroll of fear {unknown}
 F - a scroll of remove curse
Potions
 e - a potion of curing {unknown}
 h - 2 potions of restore abilities
 s - a potion of flight {unknown}
 t - a potion of blood
 w - a potion of speed {unknown}
 x - a potion of agility {unknown}
 B - a potion of might {unknown}
 C - a potion of paralysis {unknown}
Books
 G - a book of Maledictions

   Spells                             Type                      Level
   Corona                             Hexes                        1
   Sure Blade                         Hexes/Charms                 2
   Ensorcelled Hibernation            Hexes/Ice                    2
   Confuse                            Hexes                        3
   Enslavement                        Hexes                        4
   Invisibility                       Hexes                        6


   Skills:
 + Level 4.0 Fighting
 + Level 4.1 Axes
 + Level 1.7 Armour
 + Level 4.0 Dodging
 - Level 1.1 Stealth


You had 5 spell levels left.
You didn't know any spells.

Dungeon Overview and Level Annotations

Branches:
Dungeon (5/16)             Temple (0/1) D:5

Altars:
Trog
Jiyva

Annotations:
D:5 Sigmund


Innate Abilities, Weirdness & Mutations

You have extremely sharp teeth.
You heal very quickly.
When hurt, damage is shared between your health and your magic reserves.
Your bite disrupts and absorbs the magic of your enemies.
Potions and wands cannot restore your HP.


Message History

You feel sick.
You hear a distant slurping noise.
* * * LOW HITPOINT WARNING * * *
You feel sick.
* * * LOW HITPOINT WARNING * * *
You feel sick.
The jelly barely misses something.
Something hits the jelly.
The jelly dies!
* * * LOW HITPOINT WARNING * * *
You feel sick.
You close the door.
* * * LOW HITPOINT WARNING * * *
You feel sick.
* * * LOW HITPOINT WARNING * * *
You feel sick.
* * * LOW HITPOINT WARNING * * *
You feel sick.
Drink which item? (? for menu, Esc to quit)
You feel protected.
It was a potion of resistance.
You die...

######.###.# #.).ยง......#
#..JJ.# ###'###......#
#####.## #.....#.......
#...####.###.#......#
#...#..+.'>#.+.......
#...#.##.###.#.......#
#####...#.##.....#.#.#....
#..........###+###.........
............@......# {
#...........##.###.........
#####...######............
#...# ######.##..#. #...#
.. .# #...# .## # ##.## .#
.. .


There were no monsters in sight!

Vanquished Creatures
  A centaur (D:5)
  A crimson imp (D:5)
  An orc priest (D:3)
  2 worker ants
  Ijyb (D:2)
  6 adders
  An adder skeleton (D:4)
  6 giant geckos
  6 oozes
  5 orcs (D:3)
  16 bats
  6 giant cockroaches
  15 goblins
  7 hobgoblins
  A ball python (D:2)
  5 giant newts
  8 jackals (D:1)
  A jackal skeleton (D:5)
  10 kobolds
  3 quokkas (D:3)
  5 rats
107 creatures vanquished.

Vanquished Creatures (others)
  A centaur (D:5)
  2 jellies (D:5)
  A crimson imp (D:5)
  A water moccasin zombie (D:5)
  An orc wizard (D:5)
  A worker ant (D:5)
  An adder (D:5)
  7 orcs (D:5)
  A ball python (D:5)
  A hobgoblin (D:5)
  A giant cockroach (D:5)
  A giant gecko (D:5)
19 creatures vanquished.

Grand Total: 126 creatures vanquished

Notes
Turn   | Place    | Note
--------------------------------------------------------------
     0 | D:1      | Malachi, the Vine Stalker Berserker, began the quest for the Orb.
     0 | D:1      | Reached XP level 1. HP: 11/11 MP: 1/1
   114 | D:1      | Reached XP level 2. HP: 14/16 MP: 3/3
   116 | D:1      | Reached skill level 3 in Fighting
   292 | D:1      | Acquired Trog's second power
   294 | D:1      | Reached XP level 3. HP: 17/20 MP: 2/4
   615 | D:2      | Noticed Ijyb
   630 | D:2      | Killed Ijyb
   630 | D:2      | Reached XP level 4. HP: 24/24 MP: 2/5
  1034 | D:2      | Reached skill level 1 in Stealth
  1186 | D:3      | Reached XP level 5. HP: 26/29 MP: 7/7
  1725 | D:3      | Acquired Trog's third power
  1744 | D:3      | Found a bloodstained altar of Trog.
  1949 | D:4      | Found a viscous altar of Jiyva.
  1989 | D:4      | Fell from the grace of Trog
  1989 | D:4      | Became a worshipper of Jiyva Jomal the Shapeless
  2097 | D:4      | Gained mutation: You heal very quickly. [vine stalker growth]
  2097 | D:4      | Reached XP level 6. HP: 29/33 MP: 6/8
  2412 | D:5      | Entered Level 5 of the Dungeon
  2475 | D:5      | Acquired Jiyva's first power
  2529 | D:5      | Reached skill level 4 in Fighting
  2591 | D:5      | Noticed Sigmund
  2592 | D:5      | Found a staircase to the Ecumenical Temple.
  2619 | D:5      | HP: 1/33 [poisoned by Sigmund]
  2621 | D:5      | Succumbed to Sigmund's poison

Action                   |  1- 3 |  4- 6 || total
-------------------------+-------+-------++-------
Melee: Hand axe          |    93 |   187 ||   280
Invok: Berserk           |     1 |     1 ||     2
  Use: Scroll            |     4 |     1 ||     5
       Potion            |       |     1 ||     1
 Stab: Sleeping          |       |     5 ||     5
